 Dungeon Crawl Stone Soup version 0.18-a0-888-gdb73dea (webtiles) character file.

140 dvd the Conjurer (level 5, 0/28 HPs)
             Began as a Deep Elf Conjurer on Dec 23, 2015.
             Killed from afar by an orc wizard (9 damage)
             ... with a puff of frost
             ... on level 3 of the Dungeon.
             The game lasted 00:07:52 (2189 turns).

dvd the Conjurer (Deep Elf Conjurer)                Turns: 2189, Time: 00:07:52

Health: 0/28       AC:  4    Str:  5    XL:     5   Next: 2%
Magic:  6/14       EV: 13    Int: 21    God:
Gold:   137        SH:  0    Dex: 15    Spells: 4 memorised, 3 levels left

rFire  . . .     SeeInvis .     k - +0 dagger
rCold  . . .     Gourm    .     a - +0 robe
rNeg   . . .     Faith    .     (no shield)
rPois  .         Spirit   .     (no helmet)
rElec  .         Dismiss  .     (no cloak)
rCorr  .         Reflect  .     (no gloves)
SustAt .         Harm     .     (no boots)
MR     +....                    (no amulet)
Stlth  ++........               w - ring of protection from magic
                                r - +2 ring of protection

@: somewhat resistant to hostile enchantments, unstealthy
A: no striking features
a: no special abilities


You were on level 3 of the Dungeon.
You were not hungry.

You visited 1 branch of the dungeon, and saw 3 of its levels.

You collected 137 gold pieces.

Inventory:

Hand Weapons
 k - a +0 dagger (weapon)
Missiles
 i - 6 tomahawks (quivered)
Armour
 a - a +0 robe (worn)
Jewellery
 r - a +2 ring of protection (left hand)
 w - a ring of protection from magic (right hand)
Scrolls
 e - 3 scrolls of remove curse {unknown}
 g - 2 scrolls of teleportation {unknown}
 h - a scroll of recharging {unknown}
 j - a scroll of magic mapping {unknown}
 m - 3 scrolls of identify {unknown}
 n - 2 scrolls of enchant armour {unknown}
 o - a scroll of noise {unknown}
 p - a scroll of fear {unknown}
 v - a scroll of enchant weapon {unknown}
Potions
 d - 2 potions of brilliance {unknown}
 f - 3 potions of curing {unknown}
 s - a potion of degeneration {unknown}
 t - a potion of mutation {unknown}
Books
 b - a book of Conjurations

   Spells                             Type                      Level
   a - Magic Dart                     Conjuration                  1
   b - Searing Ray                    Conjuration                  2
   c - Dazzling Spray                 Conjuration/Hexes            3
   d - Fulminant Prism                Conjuration/Hexes            4
   e - Iskenderun's Mystic Blast      Conjuration                  4
   f - Iskenderun's Battlesphere      Conjuration/Charms           5
Comestibles
 c - 2 bread rations
 l - a beef jerky
 q - a chunk of flesh
 u - a meat ration


   Skills:
 + Level 2.8 Dodging
 + Level 3.1 Stealth
 + Level 4.8 Spellcasting
 + Level 5.7 Conjurations


You had 3 spell levels left.
You knew the following spells:

 Your Spells              Type           Power        Failure   Level  Hunger
a - Magic Dart            Conj           ####         1%          1    None
b - Searing Ray           Conj           ####..       1%          2    None
c - Dazzling Spray        Conj/Hex       ###.....     12%         3    ##.....
d - Iskenderun's Mystic   Conj           ####....     14%         4    ####...


Dungeon Overview and Level Annotations

Branches:
Dungeon (3/15)

Altars:
Dithmenos
Okawaru
Trog
Yredelemnul


Message History

Items here: )))) [ †
Okay, then.
You butcher the orc corpse.
The orc wizard shouts!
The orc wizard gestures at you while chanting.
The puff of frost hits you!
Ouch! That really hurt!
Items here: % )))) [
Things that are here:
17 stones; an uncursed club; a hunting sling
Casting: Searing Ray
Confirm with . or Enter, or press ? or * to list all spells.
Aiming: Searing Ray
Press: ? - help, Shift-Dir - straight line, f - orc wizard
Aim: an orc wizard, wielding a dagger and wearing a robe The searing ray misses the orc wizard.
The searing ray misses the orc wizard.
The orc wizard points at you and mumbles some strange words.
The puff of frost hits you!
You die...

#......... #.........
#......... #
#########.........
#.#####.................
#...(()@................
#######.o...o...........
#.((..<...........
#(.)(.............
#..).......###.##.
#..........# #.##.
##############.##.
###########..#..
#_#.#8#8#⌠#....#


You could see an orc wizard and an orc.

Vanquished Creatures
  3 gnolls (D:3)
  4 adders
  An ooze (D:1)
  A worm (D:2)
  3 giant geckos
  3 orcs (D:3)
  8 bats
  5 giant cockroaches
  12 goblins
  8 hobgoblins
  2 jackals (D:2)
  2 quokkas (D:2)
  A giant newt (D:1)
  4 kobolds
  6 rats
63 creatures vanquished.

Notes
Turn   | Place    | Note
--------------------------------------------------------------
     0 | D:1      | dvd the Deep Elf Conjurer began the quest for the Orb.
     0 | D:1      | Reached XP level 1. HP: 10/10 MP: 6/6
   246 | D:1      | Reached XP level 2. HP: 15/15 MP: 4/8
   356 | D:1      | Learned a level 2 spell: Searing Ray
   901 | D:1      | Reached skill level 5 in Conjurations
   960 | D:2      | Reached XP level 3. HP: 17/19 MP: 6/10
  1150 | D:2      | Learned a level 3 spell: Dazzling Spray
  1220 | D:2      | Found a basalt altar of Yredelemnul.
  1444 | D:2      | Reached XP level 4. HP: 24/24 MP: 4/12
  1563 | D:2      | Learned a level 4 spell: Iskenderun's Mystic Blast
  1998 | D:3      | Found a bloodstained altar of Trog.
  2003 | D:3      | Found an iron altar of Okawaru.
  2049 | D:3      | Found a shadowy altar of Dithmenos.
  2181 | D:3      | Reached XP level 5. HP: 24/28 MP: 10/14
  2189 | D:3      | Killed from afar by an orc wizard

Vault maps used:
D:1:      saegor_arrival_under_anarchy
D:2:      lemuel_statue_altar
D:3:      minitemple, nicolae_overflow_hidden_temple,
          nicolae_dithmenos_through_a_glass_darkly, grunt_pakellas_sulfur

Action                   |  1- 3 |  4- 6 || total
-------------------------+-------+-------++-------
Melee: Dagger            |     2 |     5 ||     7
 Cast: Magic Dart        |    44 |    12 ||    56
       Searing Ray       |    14 |     7 ||    21
       Dazzling Spray    |       |     4 ||     4
 Stab: Sleeping          |     1 |       ||     1
  Eat: Chunk             |     2 |     2 ||     4
